 Dungeon Crawl Stone Soup version 0.30.1 (webtiles) character file.

Game seed: 11773230514345804993

787 croobank the Covert (level 7, -5/49 HPs)
             Began as an Octopode Delver on July 3, 2023.
             Slain by a killer bee (10 damage)
             ... on level 5 of the Dungeon.
             The game lasted 00:13:56 (4188 turns).

croobank the Covert (Octopode Delver)               Turns: 4188, Time: 00:13:57

Health: -5/49      AC:  1    Str: 12    XL:     7   Next: 87%
Magic:  11/11      EV: 14    Int: 14    God:
Gold:   151        SH:  5    Dex: 13    Spells: 6/12 levels left

rFire   . . .        B - +0 dagger (holy)
rCold   . . .        (no shield)
rNeg    . . .        (helmet restricted)
rPois   .            k - amulet of reflection
rElec   .            l - ring of flight
rCorr   .            o - ring of wizardry
SInv    +            x - ring of see invisible
Will    .....        (no ring)
Stlth   +++++        (no ring)
HPRegen 0.28/turn    (no ring)
MPRegen 0.12/turn    (no ring)
                     (no ring)

%: reflection, wizardry (x1)
@: lethally poisoned (-5 -> -24), flying
A: almost no armour, amphibious, 8 rings, camouflage 1, gelatinous body 1,
(nimble swimmer 1), tentacles
a: no special abilities


You were on level 5 of the Dungeon.
You visited 1 branch of the dungeon, and saw 5 of its levels.

You collected 151 gold pieces.

Inventory:

Hand Weapons
 a - a +0 hand axe
 r - a +0 dagger
 y - a +0 flail
 B - a +0 dagger of holy wrath (weapon)
 K - a +2 quarterstaff of chaos
Armour
 u - an orb of mayhem
Magical Staves
 p - a staff of death
 w - a staff of air
Jewellery
 k - an amulet of reflection (around mantle)
 l - a ring of flight (left tentacle)
 o - a ring of wizardry (right tentacle)
 x - a ring of see invisible (on tentacle)
Wands
 f - a wand of digging (3)
 j - a wand of iceblast (20)
 L - a wand of paralysis (3)
Scrolls
 b - a scroll of fog
 c - a scroll of magic mapping
 q - 2 scrolls of enchant weapon {unknown}
 s - 4 scrolls of immolation
 t - a scroll of butterflies {unknown}
 v - a scroll of poison {unknown}
 D - a scroll of enchant armour {unknown}
 F - a scroll of torment {unknown}
 H - a scroll of vulnerability {unknown}
 I - a scroll of amnesia {unknown}
Potions
 e - 2 potions of attraction
 g - 2 potions of ambrosia
 i - 3 potions of curing
 m - a potion of might {unknown}
 n - 2 potions of resistance {unknown}
 z - 2 potions of mutation {unknown}
 A - a potion of degeneration {unknown}
 C - 2 potions of brilliance {unknown}
 E - 2 potions of haste
 G - a potion of heal wounds {unknown}
 J - a potion of cancellation {unknown}


   Skills:
 + Level 4.3 Fighting
 - Level 2.6 Axes
 + Level 3.8 Dodging
 + Level 8.1 Stealth
 * Level 3.2 Spellcasting
 + Level 2.3 Air Magic
 * Level 4.3 Poison Magic


You had 6 spell levels left.
You knew the following spells:

 Your Spells              Type           Power      Damage    Failure   Level
a - Poisonous Vapours     Pois/Air       22%        N/A       3%          2
b - Olgreb's Toxic Radia  Pois           14%        N/A       14%         4

Your spell library contained the following spells:

 Spells                   Type           Power      Damage    Failure   Level
 Sting                    Tmut/Pois      32%        1d4       3%          1
 Swiftness                Air            8%         N/A       10%         3
 Ensorcelled Hibernation  Hex/Ice        4%         N/A       13%         2
 Passwall                 Tmut/Erth      1%         N/A       13%         2
 Ozocubu's Armour         Ice            2%         N/A       26%         3
 Ozocubu's Refrigeration  Ice            1%         4d7       100%        7


Dungeon Overview and Level Annotations

Branches:
Dungeon (5/15)
 Temple: D:4-7

Altars:
Cheibriados
Qazlal
Trog

Annotations:
D:5 3 runed translucent doors, jujuben's ghost, novice TrWr


Innate Abilities, Weirdness & Mutations

You cannot wear most types of armour.
You are amphibious.
You can wear up to eight rings at the same time.
Your skin changes colour to match your surroundings (Stealth+).
Your rubbery body absorbs attacks. (AC +1, EV +1)
((You are camouflaged when in or above water. (Stealth+)))
You have tentacles for arms and can constrict up to eight enemies at once.


Message History

Press: ? - help, Dir - move target, f - killer bee
Aim: a killer bee Poisonous vapours surround the killer bee!
The killer bee is poisoned.
You feel sick. The killer bee barely misses you.
The killer bee closely misses you.
You barely miss the killer bee. You grab the killer bee.
You squeeze the killer bee!
The killer bee is almost dead.
You constrict the killer bee, but do no damage.
You feel sick.
The killer bee stings you but does no damage.
The killer bee barely misses you.
You hit the killer bee.
You kill the killer bee!
You feel sick.
You are no longer poisoned.
You start resting.
Magic restored.
You start resting.
HP restored.
You fly downwards.
Level annotation: 3 runed translucent doors, jujuben's ghost, novice TrWr You block the killer bee's attack.
The killer bee stings you!
You are poisoned.
The killer bee poisons you! You block the killer bee's attack.
The killer bee stings you.
You are more poisoned.
The killer bee poisons you! The killer bee stings you!
The killer bee barely misses you. The killer bee stings you!
The killer bee stings you.
There is a stone staircase leading up, spattered with blood here.
You feel very sick. The killer bee stings you.
* * * LOW HITPOINT WARNING * * *
The killer bee closely misses you. x2; The killer bee stings you!
* * * LOW HITPOINT WARNING * * *
You are more poisoned.
The killer bee poisons you! The killer bee closely misses you.
The killer bee stings you!
You die...

####............##...).........
#..............###.............
#................#.............#
##.......##........[...........#
####.######.....>....#........#
## ##.........#.........
##...)..............#.
##.y.y.[.....>#..†...##
#.....@y#.##..#..<....#
#....y..#..#...........
#...............###...#
#......................#
#.......................
###.....................
......................
.......................
....##.....##...).


You could see 4 killer bees.

Vanquished Creatures
  A water moccasin (D:5)
  2 killer bees (D:4)
  2 hounds (D:5)
  A jelly (D:5)
  Crazy Yiuf (D:4)
  An orc priest (D:4)
  An iron imp (D:4)
  Terence (D:2)
  An iguana (D:5)
  Natasha (thrice) (D:2)
  3 orc wizards
  7 gnolls (D:4)
  4 adders
  A white imp (D:5)
  An ufetubus (D:3)
  3 worms
  5 dart slugs
  7 orcs
  7 ball pythons
  5 endoplasms
  2 giant cockroaches
  7 goblins
  6 hobgoblins
  4 jackals
  4 kobolds
  3 quokkas (D:4)
  9 bats
  6 frilled lizards
  5 rats
103 creatures vanquished.

Notes
Turn   | Place    | Note
-------+----------+-------------------------------------------
     0 | D:5      | croobank the Octopode Delver began the quest for the Orb.
     0 | D:5      | Reached XP level 1. HP: 16/16 MP: 1/1
     0 | D:5      | Found a runed translucent gate.
     1 | D:5      | Found a runed translucent gate.
     1 | D:5      | Noticed a vampire mosquito
     1 | D:5      | Noticed jujuben's ghost (novice TrWr)
     5 | D:5      | Noticed an iguana
    18 | D:5      | Noticed an orc wizard
    18 | D:5      | Noticed a killer bee
    20 | D:5      | Noticed a killer bee
    20 | D:5      | Noticed a killer bee
    28 | D:5      | Noticed a water moccasin
   220 | D:3      | Reached XP level 2. HP: 21/21 MP: 2/2
   314 | D:2      | Reached XP level 3. HP: 21/26 MP: 3/3
   370 | D:1      | Reached skill level 7 in Stealth
   536 | D:2      | Noticed Natasha
   803 | D:1      | Learned a level 2 spell: Poisonous Vapours
   830 | D:1      | Reached XP level 4. HP: 31/31 MP: 4/4
  1252 | D:2      | Killed Natasha
  1354 | D:2      | Noticed Natasha
  1359 | D:2      | Reached skill level 1 in Poison Magic
  1372 | D:2      | Killed Natasha
  1443 | D:2      | Noticed Terence
  1456 | D:2      | Reached XP level 5. HP: 35/36 MP: 6/6
  1463 | D:2      | Reached skill level 1 in Spellcasting
  1467 | D:2      | Killed Terence
  1679 | D:2      | Noticed Natasha
  1687 | D:2      | Killed Natasha
  1688 | D:2      | Reached skill level 1 in Air Magic
  2289 | D:3      | Found a bloodstained altar of Trog.
  2342 | D:3      | Learned a level 4 spell: Olgreb's Toxic Radiance
  2620 | D:4      | Reached XP level 6. HP: 43/43 MP: 1/8
  3023 | D:4      | Found a snail-covered altar of Cheibriados.
  3287 | D:4      | Found a stormy altar of Qazlal.
  3290 | D:4      | Noticed an air elemental
  3291 | D:4      | Noticed a water elemental
  3291 | D:4      | Noticed a fire elemental
  3354 | D:4      | Found a runed translucent door.
  3355 | D:4      | Noticed Crazy Yiuf
  3363 | D:4      | Killed Crazy Yiuf
  3484 | D:5      | Reached XP level 7. HP: 48/48 MP: 10/10
  3795 | D:5      | Reached skill level 8 in Stealth
  4188 | D:5      | Slain by a killer bee

Illustrated notes

Levels and vault maps discovered:
D:1:      tarquinn_simple_flora_water_a, layout_basic, minmay_3d_cube
D:2:      layout_rooms, uniq_terence, uniq_natasha
D:3:      layout_basic, mainiacjoe_overflow_paths
D:4:      layout_loops_ring, nicolae_qazlal_style_of_elements, slow_altar_2,
          minmay_misc_feat_roman, uniq_crazy_yiuf_cottage
D:5:      layout_cave_pools, mainiacjoe_overflow_surrounded_room,
          gammafunk_ghost_split, serial_park, serial_park_tiny_1,
          serial_park_tiny_2, serial_park_square1 [serial_park_minivault_5x5_6],
          serial_park_tiny_pond, minmay_strange_pillars

Skill      XL: |  1  2  3  4  5  6  7 |
---------------+----------------------+-----
Stealth        | 7 8 |  8.1
Poison Magic   | 1 2 3 4 |  4.3
Spellcasting   | 1 2 3 |  3.2
Dodging        | 3 |  3.8
Air Magic      | 1 2 |  2.3
Fighting       | 4 |  4.3
Axes           | |  2.6

Action                     |  1- 3 |  4- 6 |  7- 9 || total
---------------------------+-------+-------+-------++-------
  Melee: Hand axe          |    42 |       |       ||    42
         Constrict         |    14 |    28 |     6 ||    48
         Tentacles         |     8 |    28 |    12 ||    48
         Dagger            |    28 |   122 |    24 ||   174
         Punch             |     1 |     3 |       ||     4
   Cast: Poisonous Vapours |       |    12 |    10 ||    22
         Olgreb's Toxic Ra |       |     3 |     2 ||     5
    Use: Scroll            |     1 |     5 |     1 ||     7
         Potion            |       |     1 |     3 ||     4
   Stab: Sleeping          |    14 |    17 |     1 ||    32
 Armour: Skin              |     3 |    10 |     1 ||    14
  Dodge: Dodged            |    39 |    66 |    33 ||   138
  Block: Other             |    13 |    21 |    11 ||    45
         Reflection        |     1 |       |     1 ||     2
